 Dungeon Crawl Stone Soup version 0.31-a0-236-g9a0961fb85 (webtiles) character file.

Game seed: 7412572098540354654

346 qw the Shooter (level 6, 0/51 HPs)
             Began as a Minotaur Hexslinger on July 9, 2023.
             Slain by an orc wizard
             ... wielding a +0 dagger
              (3 damage)
             ... on level 4 of the Dungeon.
             The game lasted 00:00:56 (2193 turns).

qw the Shooter (Minotaur Hexslinger)                Turns: 2193, Time: 00:00:57

Health: 0/51       AC:  6    Str: 12    XL:     6   Next: 32%
Magic:  6/6        EV: 11    Int: 10    God:
Gold:   200        SH:  0    Dex: 15    Spells: 6/7 levels left

rFire   . . .        Y - +1 sling (elec)
rCold   + . .        (no shield)
rNeg    . . .        b - +0 ring mail
rPois   .            (helmet restricted)
rElec   +            (no cloak)
rCorr   .            (no gloves)
SInv    .            j - +0 pair of boots
Will    .....        (no amulet)
Stlth   +            a - ring "Gusogusa" {Fly rElec rC+}
HPRegen 0.28/turn    (no ring)
MPRegen 0.10/turn

%: no passive effects
@: flying
A: horns 2, retaliatory headbutt
a: no special abilities


You were on level 4 of the Dungeon.
You visited 1 branch of the dungeon, and saw 4 of its levels.

You collected 200 gold pieces.


Innate Abilities, Weirdness & Mutations

You have a pair of horns on your head.
You reflexively headbutt those who attack you in melee.


   Skills:
 + Level 3.4 Fighting
 - Level 6.0 Ranged Weapons
 - Level 3.0 Armour
 - Level 2.1 Dodging
 - Level 1.0 Spellcasting
 - Level 2.0 Hexes


You had 6 spell levels left.
You knew the following spells:

 Your Spells              Type           Power      Damage    Failure   Level
a - Slow                  Hex            16%        N/A       32%         1

Your spell library contained the following spells:

 Spells                   Type           Power      Damage    Failure   Level
 Inner Flame              Hex/Fire       2%         N/A       82%         3
 Portal Projectile        Hex/Tloc       4%         N/A       82%         3
 Cause Fear               Hex            2%         N/A       97%         4

Inventory:

Hand Weapons
 Y - a +1 sling of electrocution (weapon)
Armour
 b - a +0 ring mail (worn)
 j - a +0 pair of boots (worn)
Jewellery
 a - the ring "Gusogusa" (left hand) {Fly rElec rC+}
   (You acquired it on level 2 of the Dungeon)

   [ring of flight]

   rC:        It protects you from cold.
   rElec:     It insulates you from electricity.
   Fly:       It grants you flight.
Scrolls
 h - a scroll of identify
Potions
 d - a potion of resistance
 e - a potion of enlightenment
 f - a potion of attraction {unknown}
 g - 2 potions of curing
 i - a potion of berserk rage {unknown}
 m - a potion of cancellation {unknown}
 n - a potion of invisibility {unknown}

Dungeon Overview and Level Annotations

Branches:
Dungeon (4/15)
 Temple: D:4-7

Altars:

Shops:
D:4 :


Message History

The white imp hits you. The white imp freezes you. You resist.
Something hits you but does no damage. The orc closely misses you.
You furiously retaliate!
You headbutt the orc. You shoot a sling bullet.
The sling bullet barely misses the white imp.
The orc hits you with a +0 club. Something hits you but does no damage.
The white imp gestures at you. The puff of frost misses you.
You hear some strange, mumbled words.
A magic dart appears from out of thin air!
The magic dart hits you.
2189 ||| READING scroll of teleportation.
As you read the scroll of teleportation, it crumbles to dust.
You feel strangely unstable. The orc closely misses you.
You furiously retaliate!
You headbutt the orc.
The orc wizard points at you and mumbles some strange words.
The magic dart hits something.
Something hits you.
The white imp hits you but does no damage.
Something hits you.
You shoot a sling bullet. The sling bullet hits the white imp!
Lightning courses through the white imp!
You kill the white imp!
Something hits you. The orc hits you but does no damage. Something hits you.
You shoot a sling bullet. The sling bullet hits the orc.
You kill the orc!
Something hits you but does no damage. x2
You shoot a sling bullet.
The sling bullet closely misses the orc wizard.
Your surroundings seem slightly different.
The orc wizard closely misses you.
You hear some strange, mumbled words.
A magic dart appears from out of thin air!
The magic dart hits you.
Enter note: You shoot a sling bullet.
The sling bullet barely misses the orc wizard.
You hear some strange, mumbled words.
Something tries to affect you, but you resist.
The orc wizard hits you with a +0 dagger.
You die...

......# #..+.......#
###...###.##.......#
...#..#......##....#
.\.#.........##....#
...#..#......###.###
###...#...........#
......#......###..#
......#......# #..#
###+#.######.# #@{#
.. ....
.......o{......> ##
..#####..............
.# .....###.....$..
## ..... ......... ..
...# ......... ## ...
..#+###.. .. +#.# #.


You could see an orc wizard.

Vanquished Creatures
  An ogre (D:4)
  Blork the orc (D:4)
  A hound (D:4)
  A sleepcap (D:4)
  4 gnolls
  An adder (D:3)
  A white imp (D:4)
  A dart slug (D:1)
  4 orcs
  6 ball pythons
  6 bats
  6 endoplasms
  2 giant cockroaches
  10 goblins
  5 hobgoblins
  5 jackals
  7 kobolds
  4 frilled lizards
  7 rats
73 creatures vanquished.

Notes
Turn   | Place    | Note
-------+----------+-------------------------------------------
     0 | D:1      | qw the Minotaur Hexslinger began the quest for the Orb.
     0 | D:1      | Reached XP level 1. HP: 16/16 MP: 1/1
     0 | D:1      | 0 ||| qw: Version: 0.3-a-51-g015441d
     0 | D:1      | 0 ||| qw: Game counter: 4425
     0 | D:1      | 0 ||| qw: Melee chars always use a shield: true
     0 | D:1      | 0 ||| qw: God list: Okawaru
     0 | D:1      | 0 ||| qw: Allow faded altars: false
     0 | D:1      | 0 ||| qw: Do Orc after clearing Dungeon:15 true
     0 | D:1      | 0 ||| qw: Do second Lair branch before Depths: true
     0 | D:1      | 0 ||| qw: Lair rune preference: random
     0 | D:1      | 0 ||| qw: Goals: Normal
     0 | D:1      | 0 ||| PLANNING D:1-11
    97 | D:1      | Reached skill level 3 in Ranged Weapons
    98 | D:1      | Reached XP level 2. HP: 22/23 MP: 2/2
   224 | D:1      | Reached XP level 3. HP: 30/30 MP: 3/3
   590 | D:1      | 590 ||| READING scroll labelled YTIUBI WYORE.
   591 | D:1      | 591 ||| READING scroll labelled UWYURCH HIESABROO.
   596 | D:1      | 596 ||| READING scroll labelled BOJISYR RUPS.
   597 | D:1      | 597 ||| DRINKING 2 black potions.
   598 | D:1      | 598 ||| DROPPING scroll of poison.
   640 | D:2      | Found a faded altar of an unknown god.
  1129 | D:2      | Reached skill level 4 in Ranged Weapons
  1268 | D:2      | 1268 ||| UPGRADING to +0 pair of boots.
  1273 | D:2      | 1273 ||| READING scroll labelled GUIMEM EGHOST.
  1274 | D:2      | 1274 ||| READING scroll labelled TAKEXA ZOOTIERAFF.
  1275 | D:2      | 1275 ||| READING 2 scrolls labelled UCAUTI FACUCAPP.
  1276 | D:2      | 1276 ||| READING scroll labelled ITIOWK TATWES.
  1276 | D:2      | Identified a scroll of acquirement
  1276 | D:2      | 1276 ||| ACQUIRING ring "Gusogusa" {Fly rElec rC+}
  1276 | D:2      | Acquired the ring "Gusogusa" {Fly rElec rC+}
  1278 | D:2      | 1278 ||| UPGRADING to ring "Gusogusa" {Fly rElec rC+}.
  1335 | D:3      | Reached XP level 4. HP: 37/37 MP: 4/4
  1900 | D:3      | 1900 ||| UPGRADING to +0 ring mail.
  1910 | D:3      | 1910 ||| DROPPING +0 robe.
  1911 | D:3      | 1911 ||| READING scroll labelled SYIPNURRIC.
  1912 | D:3      | 1912 ||| READING 3 scrolls of identify.
  1912 | D:3      | 1912 ||| IDENTIFYING metallic white potion
  1913 | D:3      | 1913 ||| READING 2 scrolls of identify.
  1913 | D:3      | 1913 ||| IDENTIFYING emerald potion
  1928 | D:4      | Noticed Blork the orc
  1933 | D:4      | Killed Blork the orc
  1934 | D:4      | Reached skill level 3 in Armour
  1934 | D:4      | Reached XP level 5. HP: 39/42 MP: 5/5
  1981 | D:4      | Found Roraon's Book Shop.
  2002 | D:4      | Reached skill level 5 in Ranged Weapons
  2028 | D:4      | Reached skill level 3 in Fighting
  2158 | D:4      | Noticed an ogre
  2165 | D:4      | Killed an ogre
  2166 | D:4      | Reached XP level 6. HP: 51/51 MP: 6/6
  2175 | D:4      | Reached skill level 6 in Ranged Weapons
  2188 | D:4      | HP: 11/51 [orc/+0 club (4)]
  2189 | D:4      | 2189 ||| READING scroll of teleportation.
  2190 | D:4      | HP: 5/51 [something (1)]
  2193 | D:4      | Slain by an orc wizard

Levels and vault maps discovered:
D:1:      giann_bridges, layout_basic
D:2:      layout_loops_cross, hellmonk_ecumenical_altar_run_dry, minmay_bisected
D:3:      layout_loops_cross
D:4:      layout_basic, serial_demonic, serial_demonic_d, serial_demonic_b,
          serial_demonic_c, serial_demonic_g, serial_shops,
          nicolae_book_shop_shelving, minivault_26, uniq_blork_the_orc,
          uniq_ijyb, uniq_duvessa

Skill      XL: |  1  2  3  4  5  6 |
---------------+-------------------+-----
Ranged Weapons | 3 4 5 6 |  6.0
Fighting       | 2 3 |  3.4
Armour         | 3 |  3.0
Dodging        | |  2.1
Spellcasting   | |  1.0
Hexes          | |  2.0

Action                     |  1- 3 |  4- 6 || total
---------------------------+-------+-------++-------
   Fire: Sling             |   101 |   106 ||   207
    Use: Scroll            |     7 |     4 ||    11
         Potion            |     1 |       ||     1
 Armour: Robe              |     3 |    11 ||    14
         Ring mail         |       |    20 ||    20
  Dodge: Dodged            |    10 |    40 ||    50

Table legend:
 A = Non-vault XP
 B = Vault XP
 C = Vault XP percentage of total XP
 D = Non-vault monster count
 E = Vault monster count
 F = Vault count percentage of total count
                 A         B        C        D         E       F
            +---------+---------+-------+---------+---------+-------
      Total |     380 |     115 |  23.2 |      68 |       5 |   6.8
            +---------+---------+-------+---------+---------+-------
        D:1 |      55 |       0 |   0.0 |      25 |       0 |   0.0
        D:2 |      16 |       6 |  27.3 |      11 |       3 |  21.4
        D:3 |      55 |       0 |   0.0 |      24 |       0 |   0.0
        D:4 |     254 |     109 |  30.0 |       8 |       2 |  20.0
            +---------+---------+-------+---------+---------+-------
